 Dungeon Crawl Stone Soup version 0.22-a0-284-g99d1f7439c (webtiles) character file.

62 Infinimo the Slasher (level 4, -2/33 HPs)
             Began as a Merfolk Gladiator on Mar 21, 2018.
             Slain by a gnoll
             ... wielding a +0 spear
              (7 damage)
             ... on level 2 of the Dungeon.
             The game lasted 00:01:40 (1287 turns).

Infinimo the Slasher (Merfolk Gladiator)            Turns: 1287, Time: 00:01:43

Health: -2/33      AC:  4    Str: 14    XL:     4   Next: 8%
Magic:  4/4        EV: 13    Int:  8    God:
Gold:   66         SH:  4    Dex: 15    Spells: 3/3 levels left

rFire    . . .     SeeInvis .   a - +1 long sword
rCold    . . .     Gourm    .   e - +0 buckler
rNeg     . . .     Faith    .   b - +0 leather armour
rPois    .         Spirit   .   c - +0 helmet
rElec    .         Reflect  .   (no cloak)
rCorr    .         Harm     .   (no gloves)
MR       .....                  (no boots)
Stlth    +.........             (no amulet)
HPRegen  0.11/turn              (no ring)
MPRegen  0.09/turn              (no ring)

@: very slightly contaminated, invisible
A: change form in water, swift swim, stealthy swim
a: no special abilities


You were on level 2 of the Dungeon.
You were not hungry.

You visited 1 branch of the dungeon, and saw 2 of its levels.

You collected 66 gold pieces.

Inventory:

Hand Weapons
 a - a +1 long sword (weapon)
Missiles
 d - 3 throwing nets (quivered)
Armour
 b - a +0 leather armour (worn)
 c - a +0 helmet (worn)
 e - a +0 buckler (worn)
Comestibles
 f - 2 rations
 g - 8 chunks of flesh


   Skills:
 - Level 2.1 Fighting
 * Level 5.1 Long Blades
 - Level 2.0 Throwing
 - Level 4.0 Dodging
 + Level 1.0 Shields


You had 3 spell levels left.
You didn't know any spells.

Dungeon Overview and Level Annotations

Branches:
Dungeon (2/15)

Altars:


Message History

You riposte.
The gnoll hits you with a club.
The hobgoblin is heavily wounded.
You block the gnoll's attack. The gnoll hits you with a club.
The hobgoblin hits you.
You aren't carrying any scrolls.
It was a potion of magic.
Magic courses through your body.
You riposte.
The gnoll is lightly wounded.
You block the hobgoblin's attack.
It was a potion of invisibility.
You fade into invisibility!
The hobgoblin hits you.
You are very lightly contaminated with residual magic.
The hobgoblin is heavily wounded.
The gnoll hits you from afar with a spear!
* * * LOW HITPOINT WARNING * * *
The gnoll hits you with a club.
* * * LOW HITPOINT WARNING * * *
The gnoll hits you from afar with a spear!
You die...

###.#...##.#.##.#######
###......#.#.##.#
.............##.#
.............##.#
#####...#######g# #####
#g# #g# #g########
#.@gg....% ##########


You could see 4 gnolls, a hobgoblin and a goblin.

Vanquished Creatures
  2 adders (D:2)
  A worm (D:1)
  2 leopard geckos (D:1)
  6 bats
  A giant cockroach (D:2)
  4 goblins
  6 hobgoblins
  5 jackals
  A ball python (D:1)
  3 frilled lizards
  3 kobolds
  3 rats (D:1)
37 creatures vanquished.

Notes
Turn   | Place    | Note
-------+----------+-------------------------------------------
     0 | D:1      | Infinimo the Merfolk Gladiator began the quest for the Orb.
     0 | D:1      | Reached XP level 1. HP: 16/16 MP: 1/1
   136 | D:1      | Reached XP level 2. HP: 22/22 MP: 2/2
   137 | D:1      | Reached skill level 4 in Long Blades
   659 | D:1      | Reached XP level 3. HP: 27/27 MP: 3/3
  1091 | D:2      | Reached skill level 5 in Long Blades
  1091 | D:2      | Reached skill level 1 in Shields
  1091 | D:2      | Reached XP level 4. HP: 19/33 MP: 4/4
  1287 | D:2      | Slain by a gnoll

Vault maps used:
D:1:      minmay_arrival_doors
D:2:      nicolae_tso_swordbearing_angel, first_ration

Skill      XL: |  1  2  3 |
---------------+----------+-----
Long Blades    | 4 5 |  5.1
Shields        | 1 |  1.0
Fighting       | |  2.1
Throwing       | |  2.0
Dodging        | |  4.0

Action                   |  1- 3 |  4- 6 || total
-------------------------+-------+-------++-------
Melee: Long sword        |    75 |    11 ||    86
  Use: Scroll            |     1 |       ||     1
       Potion            |       |     2 ||     2
 Stab: Sleeping          |     3 |       ||     3
  Eat: Chunk             |     1 |       ||     1
Armor: Leather armour    |    24 |     4 ||    28
Dodge: Dodged            |    55 |    14 ||    69
Block: Buckler           |     9 |     6 ||    15
       Rpst.: Long sword |    21 |     3 ||    24

Table legend:
 A = Spawn XP
 B = Non-spawn XP
 C = Spawn XP percentage of total XP
 D = Spawn monster count
 E = Non-spawn monster count
 F = Spawn count percentage of total count
 G = Total turns spent on level
                    A         B        C        D         E        F      G
               +---------+---------+-------+---------+---------+-------+---------
         Total |       0 |      89 |   0.0 |       0 |      37 |   0.0 |  1287
               +---------+---------+-------+---------+---------+-------+---------
           D:1 |       0 |      43 |   0.0 |       0 |      24 |   0.0 |   896
           D:2 |       0 |      46 |   0.0 |       0 |      13 |   0.0 |   391
               +---------+---------+-------+---------+---------+-------+---------
